Warning! The script has encountered some errors when parsing the replay. Please report them to the . » details
0x00, prev: 0x16: 16 02 01 00 03 BB 00 00 99 14 01 00 [00] 00 00 00 00 00 00 00 00 00 00 00 00 00 00 00 00 00 00 00 00 00 00 00 01 00 02 46 00 16 02 05 00 9C B7 00 00 C3 6B 04 00 6D B4 00 00 A3 AC 09 00 BF DF 00 00 93 8A 09 00 E9 E3 00 00 C9 AF 09 00 3C E6 00 00 1C 9D 09 00 16 01 01 00 90 D3 00 00 84 5C 08 00 1A 19 6E 6F 62 75 90 D3 00 00 84 5C 08 00
0x00, prev: 0x00: 16 02 01 00 03 BB 00 00 99 14 01 00 00 00 00 00 00 00 00 00 00 00 00 00 00 00 00 00 00 00 00 00 00 00 [00] 00 01 00 02 46 00 16 02 05 00 9C B7 00 00 C3 6B 04 00 6D B4 00 00 A3 AC 09 00 BF DF 00 00 93 8A 09 00 E9 E3 00 00 C9 AF 09 00 3C E6 00 00 1C 9D 09 00 16 01 01 00 90 D3 00 00 84 5C 08 00 1A 19 6E 6F 62 75 90 D3 00 00 84 5C 08 00
0x00, prev: 0x01: 16 02 01 00 03 BB 00 00 99 14 01 00 00 00 00 00 00 00 00 00 00 00 00 00 00 00 00 00 00 00 00 00 00 00 00 00 01 [00] 02 46 00 16 02 05 00 9C B7 00 00 C3 6B 04 00 6D B4 00 00 A3 AC 09 00 BF DF 00 00 93 8A 09 00 E9 E3 00 00 C9 AF 09 00 3C E6 00 00 1C 9D 09 00 16 01 01 00 90 D3 00 00 84 5C 08 00 1A 19 6E 6F 62 75 90 D3 00 00 84 5C 08 00
0x00, prev: 0x02: 16 02 0A 00 1E BC 00 00 71 61 01 00 9C B7 00 00 C3 6B 04 00 4B BB 00 00 E5 9E 04 00 A8 26 00 00 17 04 02 00 A9 B1 00 00 BB 54 01 00 1A B6 00 00 C8 30 01 00 9B B7 00 00 54 85 02 00 3F BC 00 00 A9 D3 02 00 87 D1 00 00 BB B9 01 00 55 DA 00 00 94 88 03 00 00 00 00 00 00 00 00 00 00 00 00 00 00 00 00 00 00 00 00 00 00 00 00 00 02 [00] 05 0A 00 51 02 20 03 00 00 C8 00 00 00
0x00, prev: 0x05: 16 02 01 00 EB CD 00 00 03 CE 00 00 00 00 00 00 00 00 00 00 00 00 00 00 00 00 00 00 00 00 00 00 00 00 00 00 05 [00] 03 26 00 16 02 01 00 AA DD 00 00 3D 4C 05 00 16 01 01 00 C3 C0 00 00 5E E2 00 00 1A 19 76 72 67 75 C3 C0 00 00 5E E2 00 00 01 1F 00 12 00 00 03 00 0D 00 FF FF FF FF FF FF FF FF 52 79 25 45 59 E1 00 C6 FF FF FF FF FF FF FF FF
0x09, prev: 0x00: 16 02 01 00 EF E4 00 00 08 99 09 00 00 00 00 00 00 00 00 00 00 00 00 00 00 00 00 00 00 00 00 00 00 00 00 00 [09] 00 08 36 00 16 02 03 00 6C D8 00 00 79 06 03 00 74 46 00 00 F0 B0 09 00 20 B9 00 00 1B B1 09 00 16 01 01 00 C4 D5 00 00 E1 C1 02 00 1A 19 61 65 62 6F C4 D5 00 00 E1 C1 02 00
0x08, prev: 0x00: 16 02 01 00 F9 C6 00 00 79 D6 00 00 00 00 00 00 00 00 00 00 00 00 00 00 00 00 00 00 00 00 00 00 00 00 00 00 [08] 00 08 03 00 18 02 03 06 26 00 16 02 01 00 57 CC 00 00 66 CC 00 00 00 00 00 00 00 00 00 00 00 00 00 00 00 00 00 00 00 00 00 00 00 00 00 00 01 00 05 0F 00 10 02 01 CE 00 0D 00 FF FF FF FF FF FF FF FF 03 11 00 18 00 03 1A 19 61 65 64 55 C6 B3 00 00 5E 3F 01 00 04 26 00 16 02 01 00 43 B2 00 00 82 48 03 00 16 01 01 00 C4 D5 00 00 E1 C1 02 00 1A 19 61 65 62 6F C4 D5 00 00 E1 C1 02 00
General information
- name: BNet
- type: Ladder team game (AT/RT)
- host: Battle.net
- saver: SMERB.COM.COM
map: FullScaleAssault
- players: 8
- length: 18:01
- speed: Fast
- version: 1.23 W3XP
- replay type: Public
» download(170 KB)
Players
team 1 (winner)

»
BROLYSAIYANKING (
red | 303 APM | 1167 actions | 03:50)
4 Keeper of the Grove
2 Entangling Roots
2 Thorns Aura
» actions
| Assign group hotkey | 35 | |
| Basic commands | 112 | |
| Build / train | 48 | |
| ESC pressed | 1 | |
| Enter build submenu | 13 | |
| Enter hero's abilities submenu | 4 | |
| Give item / drop item | 1 | |
| Remove unit from queue | 2 | |
| Right click | 584 | |
| Select / deselect | 219 | |
| Select group hotkey | 101 | |
| Use ability | 47 | |
1167 total
» units
| Wisp | 18 | |
| Huntress | 13 | |
| Glaive Thrower | -1 | |
30 total
» upgrades
| Moon Armor | 1 | |
| Strength of the Moon | 1 | |
2 total
» buildings
| Altar of Elders | 1 | |
| Moon Well | 4 | |
| Hunter's Hall | 1 | |
| Ancient of War | 2 | |
| Tree of Ages | 1 | |
| Ancient of Wonders | 1 | |
| Tree of Life | 1 | |
| Ancient of Lore | 2 | |
13 total
» build order
00:07 Altar of Elders
00:18 Moon Well
01:33 Hunter's Hall
01:52 Ancient of War
02:13 Ancient of War
02:29 Moon Well
02:33 Tree of Ages
03:11 Ancient of Wonders
03:50 Ancient of Lore
» items
| Scroll of Town Portal | 3 | |
| Potion of Lesser Invulnerability | 1 | |
| Potion of Healing | 1 | |
| Scroll of Healing | 2 | |
| Scroll of Protection | 1 | |
8 total

»
COOLMIKE162 (
green | 578 APM | 2226 actions | 03:50)
2 Death Knight
1 Death Coil
1 Unholy Aura
2 Lich
1 Frost Nova
1 Frost Armor
1 Dreadlord
1 Sleep
» actions
| Assign group hotkey | 72 | |
| Build / train | 57 | |
| ESC pressed | 1 | |
| Enter build submenu | 22 | |
| Enter hero's abilities submenu | 13 | |
| Right click | 839 | |
| Select / deselect | 349 | |
| Select group hotkey | 779 | |
| Use ability | 94 | |
2226 total
» units
| Acolyte | 7 | |
| Ghoul | 2 | |
| Crypt Fiend | 8 | |
| Frost Wyrm | 4 | |
21 total
» upgrades
| Creature Attack | 3 | |
| Burrow | 1 | |
| Web | 1 | |
| Creature Carapace | 3 | |
8 total
» buildings
| Crypt | 1 | |
| Graveyard | 1 | |
| Altar of Darkness | 1 | |
| Ziggurat | 12 | |
| Tomb of Relics | 1 | |
| Halls of the Dead | 2 | |
| Black Citadel | 2 | |
| Sacrificial Pit | 1 | |
| Boneyard | 2 | |
| Necropolis | 1 | |
| Spirit Tower | 3 | |
| Nerubian Tower | 1 | |
28 total
» build order
00:06 Crypt
00:20 Graveyard
00:34 Altar of Darkness
00:46 Ziggurat
01:00 Tomb of Relics
01:50 Ziggurat
02:33 Sacrificial Pit
03:04 Boneyard
03:05 Boneyard
03:09 Ziggurat
03:09 Ziggurat
03:50 Nerubian Tower
» items
| Rod of Necromancy | 2 | |
| Scroll of Town Portal | 2 | |
| Orb of Corruption | 1 | |
5 total

»
D3STRUCTION (
pink | 371 APM | 1430 actions | 03:50)
3 Priestess of the Moon
2 Searing Arrows
1 Trueshot Aura
» actions
| Assign group hotkey | 177 | |
| Basic commands | 65 | |
| Build / train | 47 | |
| ESC pressed | 1 | |
| Enter build submenu | 13 | |
| Enter hero's abilities submenu | 4 | |
| Right click | 797 | |
| Select / deselect | 172 | |
| Select group hotkey | 127 | |
| Use ability | 27 | |
1430 total
» units
» upgrades
| Strength of the Wild | 2 | |
| Reinforced Hides | 2 | |
4 total
» buildings
| Altar of Elders | 1 | |
| Moon Well | 6 | |
| Hunter's Hall | 1 | |
| Ancient of War | 2 | |
| Tree of Life | 1 | |
| Tree of Ages | 1 | |
| Ancient of Lore | 2 | |
14 total
» build order
00:18 Altar of Elders
00:19 Moon Well
01:39 Hunter's Hall
01:41 Ancient of War
01:56 Ancient of War
02:13 Moon Well
02:33 Moon Well
03:42 Tree of Ages
03:50 Moon Well
» items
SMERB.COM.COM (
blue | 421 APM | 1619 actions | 03:50)
2 Death Knight
2 Death Coil
2 Pandaren Brewmaster
1 Breath of Fire
1 Drunken Haze
1 Dreadlord
1 Sleep
» actions
| Assign group hotkey | 17 | |
| Basic commands | 188 | |
| Build / train | 84 | |
| ESC pressed | 2 | |
| Enter build submenu | 27 | |
| Enter hero's abilities submenu | 9 | |
| Give item / drop item | 3 | |
| Right click | 561 | |
| Select / deselect | 239 | |
| Select group hotkey | 411 | |
| Use ability | 78 | |
1619 total
» units
| Acolyte | 14 | |
| Ghoul | 3 | |
| Crypt Fiend | 6 | |
| Frost Wyrm | 14 | |
37 total
» upgrades
| Creature Attack | 2 | |
| Freezing Breath | 1 | |
3 total
» buildings
| Graveyard | 1 | |
| Crypt | 1 | |
| Altar of Darkness | 1 | |
| Ziggurat | 11 | |
| Tomb of Relics | 1 | |
| Nerubian Tower | 2 | |
| Halls of the Dead | 4 | |
| Necropolis | 1 | |
| Sacrificial Pit | 1 | |
| Black Citadel | 2 | |
| Spirit Tower | 6 | |
| Boneyard | 3 | |
34 total
» build order
00:10 Graveyard
00:20 Crypt
00:36 Altar of Darkness
00:45 Ziggurat
01:04 Tomb of Relics
01:50 Ziggurat
01:59 Nerubian Tower
02:00 Nerubian Tower
02:33 Black Citadel
02:35 Spirit Tower
02:36 Spirit Tower
02:37 Ziggurat
02:38 Ziggurat
03:50 Spirit Tower
» items
| Rod of Necromancy | 2 | |
| Scroll of Town Portal | 2 | |
| Boots of Speed | 1 | |
| Scroll of Protection | 2 | |
| Scroll of Healing | 3 | |
| Potion of Lesser Invulnerability | 2 | |
| Orb of Corruption | 1 | |
| Staff of Teleportation | 1 | |
14 total
team 2 (loser)
DrizZy) (
teal | 342 APM | 1316 actions | 03:50)
2 Death Knight
1 Death Coil
1 Unholy Aura
2 Lich
1 Frost Nova
1 Frost Armor
1 Crypt Lord
1 Impale
» actions
| Assign group hotkey | 159 | |
| Basic commands | 3 | |
| Build / train | 52 | |
| Enter build submenu | 19 | |
| Enter hero's abilities submenu | 7 | |
| Right click | 549 | |
| Select / deselect | 231 | |
| Select group hotkey | 244 | |
| Use ability | 51 | |
1316 total
» units
| Acolyte | 7 | |
| Ghoul | 4 | |
| Crypt Fiend | 14 | |
| Frost Wyrm | 3 | |
28 total
» upgrades
| Creature Attack | 2 | |
| Web | 1 | |
| Creature Carapace | 1 | |
4 total
» buildings
| Graveyard | 1 | |
| Crypt | 1 | |
| Altar of Darkness | 1 | |
| Ziggurat | 7 | |
| Tomb of Relics | 1 | |
| Halls of the Dead | 1 | |
| Black Citadel | 1 | |
| Necropolis | 1 | |
| Spirit Tower | 1 | |
| Sacrificial Pit | 1 | |
| Boneyard | 2 | |
18 total
» build order
00:19 Graveyard
00:24 Crypt
00:43 Altar of Darkness
00:57 Ziggurat
01:25 Tomb of Relics
02:07 Ziggurat
02:33 Ziggurat
03:08 Black Citadel
03:20 Necropolis
03:22 Ziggurat
03:24 Ziggurat
03:27 Ziggurat
03:50 Boneyard
» items
| Rod of Necromancy | 1 | |
| Orb of Corruption | 1 | |
| Scroll of Healing | 1 | |
| Scroll of Town Portal | 2 | |
5 total
FISHWILLRULEYOU (
orange | 399 APM | 1537 actions | 03:50)
3 Tauren Chieftain
2 Shockwave
1 Endurance Aura
2 Pandaren Brewmaster
1 Breath of Fire
1 Drunken Brawler
» actions
| Assign group hotkey | 91 | |
| Basic commands | 24 | |
| Build / train | 50 | |
| Enter build submenu | 14 | |
| Enter hero's abilities submenu | 5 | |
| Remove unit from queue | 1 | |
| Right click | 673 | |
| Select / deselect | 294 | |
| Select group hotkey | 301 | |
| Use ability | 84 | |
1537 total
» units
» upgrades
| Melee Weapons | 1 | |
| Pillage | 1 | |
| Armor | 1 | |
| Ensnare | 1 | |
4 total
» buildings
| Altar of Storms | 1 | |
| Orc Burrow | 4 | |
| Barracks | 1 | |
| Voodoo Lounge | 1 | |
| Stronghold | 2 | |
| War Mill | 1 | |
| Great Hall | 1 | |
| Watch Tower | 2 | |
| Beastiary | 2 | |
15 total
» build order
00:06 Altar of Storms
00:10 Orc Burrow
00:22 Barracks
01:42 Orc Burrow
02:07 Voodoo Lounge
02:33 Watch Tower
03:00 Beastiary
03:10 Beastiary
03:42 Orc Burrow
» items
| Healing Salve | 2 | |
| Lesser Clarity Potion | 3 | |
| Potion of Healing | 3 | |
| Scroll of Town Portal | 3 | |
| Potion of Mana | 1 | |
12 total
IWILLRAPeTHEE (
purple | 476 APM | 1834 actions | 03:50)
2 Death Knight
1 Death Coil
1 Unholy Aura
2 Lich
1 Frost Nova
1 Dark Ritual
» actions
| Assign group hotkey | 23 | |
| Basic commands | 97 | |
| Build / train | 71 | |
| ESC pressed | 3 | |
| Enter build submenu | 12 | |
| Enter hero's abilities submenu | 7 | |
| Give item / drop item | 3 | |
| Right click | 660 | |
| Select / deselect | 221 | |
| Select group hotkey | 681 | |
| Use ability | 56 | |
1834 total
» units
| Acolyte | 2 | |
| Ghoul | 4 | |
| Crypt Fiend | 13 | |
| Frost Wyrm | 3 | |
22 total
» upgrades
» buildings
| Graveyard | 1 | |
| Crypt | 1 | |
| Altar of Darkness | 1 | |
| Ziggurat | 6 | |
| Tomb of Relics | 1 | |
| Halls of the Dead | 3 | |
| Black Citadel | 3 | |
| Sacrificial Pit | 1 | |
| Boneyard | 2 | |
| Spirit Tower | 10 | |
29 total
» build order
00:06 Graveyard
00:08 Crypt
00:42 Altar of Darkness
00:57 Ziggurat
01:23 Tomb of Relics
02:00 Ziggurat
02:33 Ziggurat
02:41 Black Citadel
02:42 Black Citadel
03:50 Boneyard
» items
| Rod of Necromancy | 1 | |
| Dust of Appearance | 1 | |
| Scroll of Town Portal | 2 | |
| Scroll of Healing | 1 | |
| Scroll of Protection | 1 | |
| Orb of Corruption | 1 | |
7 total
MaDaRChoD (
yellow | 441 APM | 1698 actions | 03:50)
1 Tauren Chieftain
1 Shockwave
2 Pandaren Brewmaster
1 Breath of Fire
1 Drunken Haze
» actions
| Assign group hotkey | 26 | |
| Basic commands | 106 | |
| Build / train | 70 | |
| Enter build submenu | 11 | |
| Enter hero's abilities submenu | 4 | |
| Give item / drop item | 1 | |
| Remove unit from queue | 1 | |
| Right click | 561 | |
| Select / deselect | 253 | |
| Select group hotkey | 580 | |
| Use ability | 85 | |
1698 total
» units
| Peon | 7 | |
| Grunt | 4 | |
| Raider | 18 | |
| Troll Batrider | 9 | |
38 total
» upgrades
| Melee Weapons | 2 | |
| Ensnare | 1 | |
| Pillage | 1 | |
4 total
» buildings
| Altar of Storms | 1 | |
| Orc Burrow | 4 | |
| Barracks | 1 | |
| Voodoo Lounge | 1 | |
| Stronghold | 3 | |
| War Mill | 1 | |
| Beastiary | 2 | |
13 total
» build order
00:09 Altar of Storms
00:14 Orc Burrow
00:34 Barracks
02:02 Orc Burrow
02:28 Voodoo Lounge
02:33 Orc Burrow
» items
| Potion of Healing | 3 | |
| Scroll of Speed | 2 | |
| Lesser Clarity Potion | 2 | |
| Healing Salve | 1 | |
| Scroll of Town Portal | 2 | |
10 total
Chat log
(01:31 / All) MaDaRChoD: gl hf
(01:44 / All) SMERB.COM.COM: luck doesnt help against you're secret weapon ~_~
(01:51 / All) MaDaRChoD: lol
(01:53 / All) IWILLRAPeTHEE: Hey SDFNIGGER
(01:54 / All) MaDaRChoD: gl mike
(02:01 / All) COOLMIKE162: gl but why do you play with all the hackers
(02:04 / All) SMERB.COM.COM: tt
(02:08 / All) MaDaRChoD: me?
(02:10 / All) COOLMIKE162: you can't even deny that this rapethee idiot
(02:11 / All) COOLMIKE162: yes you
(02:15 / All) MaDaRChoD: im fukin atm
(02:32 / All) SMERB.COM.COM: You're... fucking.... at the moment?
(02:33 / All) SMERB.COM.COM: .......
(03:20 / All) COOLMIKE162: nice scouting orange
(03:26 / All) FISHWILLRULEYOU: saw it b4
(03:27 / All) FISHWILLRULEYOU: on mini
(03:28 / All) SMERB.COM.COM: yar har har
(03:30 / All) SMERB.COM.COM: swab my deck
(03:50 / All) FISHWILLRULEYOU: just /w me lol